AoeStats
← KnightsTemplar

Arabia

508519330Analyzed
1v1 RM · 10d ago on Sep 22, 2026· 54m 33s· 2 players
Game mode
Random Map
Map size
Tiny (2 player)
Population
200
Speed
Normal
Resources
Standard
Victory
Conquest
Starting age
Dark Age
Ending age
Imperial Age
RankedLock teamsTeams togetherTeam positionsShared explorationLock speedFull tech treeHidden civsTurbo modeCheats
Victory
Defeat
🇬🇧 Franks · United Kingdom
604
+18
🇬🇧 Lithuanians · United Kingdom
638
-18
KnightsTemplar
12:48 Feudal Age
11:06 Loom
14:00 Double-Bit Axe
21:07 Castle Age
21:47 Pikeman
22:28 Squires
23:00 Bow Saw
23:24 Scale Barding Armor
25:19 Wheelbarrow
24:31 Town Watch
25:12 Husbandry
30:06 Chain Barding Armor
29:58 Forging
30:18 Hand Cart
30:46 Stone Mining
30:57 Gold Mining
31:16 Light Cavalry
37:02 Iron Casting
36:29 Scale Mail Armor
36:31 Padded Archer Armor
36:22 Fletching
36:08 Ordonnance Companies
36:57 Town Patrol
40:18 Imperial Age
40:36 Murder Holes
41:03 Ballistics
40:54 Masonry
40:30 Treadmill Crane
41:43 Hoardings
40:31 Elite Throwing Axeman
42:08 Arson
43:35 Cavalier
45:23 Blast Furnace
44:58 Plate Barding Armor
44:39 Chain Mail Armor
44:39 Leather Archer Armor
44:20 Bodkin Arrow
44:15 Arrowslits
45:31 Chemistry
46:27 Chivalry
46:50 Halberdier
48:06 Paladin
49:52 Fervor
50:15 Conscription
Iceluxe
0:57 Loom
10:57 Feudal Age
13:17 Horse Collar
13:33 Double-Bit Axe
16:04 Forging
16:59 Scale Barding Armor
20:16 Man-at-Arms
24:52 Castle Age
26:53 Bow Saw
29:28 Husbandry
30:39 Iron Casting
32:27 Elite Skirmisher
36:10 Pikeman
36:51 Squires
42:12 Imperial Age
41:26 Gold Mining
43:58 Halberdier
44:53 Scale Mail Armor
44:44 Fletching
46:45 Cavalier
51:05 Chain Barding Armor
50:42 Bodkin Arrow
50:47 Padded Archer Armor
Connection lost

Rejoining the realm…

Still unreachable

The connection could not be restored.

Session expired

The server has moved on; the page needs a fresh start.